 Dungeon Crawl Stone Soup version 0.22-b1-59-g0aedee7 (webtiles) character file.

270 Lilu the Destroyer (level 6, -2/32 HPs)
             Began as a Deep Elf Conjurer on Aug 9, 2018.
             Was a Follower of Qazlal.
             Slain by Grinder (6 damage)
             ... on level 4 of the Dungeon.
             The game lasted 00:15:34 (4036 turns).

Lilu the Destroyer (Deep Elf Conjurer)              Turns: 4036, Time: 00:15:34

Health: -2/32      AC:  5    Str:  7    XL:     6   Next: 1%
Magic:  2/12       EV: 13    Int: 20    God:    Qazlal [*.....]
Gold:   256        SH:  2    Dex: 15    Spells: 4/11 levels left

rFire    + . .     SeeInvis .   k - +0 short sword (speed)
rCold    . . .     Gourm    .   (no shield)
rNeg     . . .     Faith    .   a - +0 robe
rPois    .         Spirit   .   m - +2 hat
rElec    .         Reflect  .   (no cloak)
rCorr    .         Harm     .   (no gloves)
MR       .....                  b - +0 pair of boots
Stlth    ++........             (no amulet)
HPRegen  0.10/turn              g - ring of protection from fire
MPRegen  0.13/turn              (no ring)

@: very slightly contaminated
A: no striking features
a: Renounce Religion


You were on level 4 of the Dungeon.
You worshipped Qazlal.
Qazlal was aware of your devotion.
You were hungry.

You visited 1 branch of the dungeon, and saw 4 of its levels.

You collected 256 gold pieces.

Inventory:

Hand Weapons
 k - a +0 short sword of speed (weapon)
Armour
 a - a +0 robe (worn)
 b - a +0 pair of boots (worn)
 f - a +0 shield
 m - a +2 hat (worn)
Jewellery
 g - a ring of protection from fire (left hand)
Wands
 p - a wand of polymorph (9)
Scrolls
 e - a scroll of remove curse {unknown}
 h - 2 scrolls of teleportation {unknown}
 i - 3 scrolls of identify {unknown}
 n - a scroll of random uselessness {unknown}
 o - a scroll of enchant weapon {unknown}
Potions
 d - 3 potions of heal wounds {unknown}
 j - 3 potions of agility {unknown}
Comestibles
 c - 6 rations


   Skills:
 - Level 2.4 Dodging
 - Level 2.4 Stealth
 - Level 3.0 Spellcasting
 + Level 8.0 Conjurations


You had 4 spell levels left.
You knew the following spells:

 Your Spells              Type           Power        Failure   Level  Hunger
a - Magic Dart            Conj           ####         1%          1    None
b - Searing Ray           Conj           #####.       1%          2    ##.....
c - Iskenderun's Mystic   Conj           #####...     5%          4    ####...

Your spell library contained the following spells:

 Spells                   Type           Power        Failure   Level  Hunger
 Fulminant Prism          Conj/Hex       ###.......   26%         4    ####...
 Dazzling Spray           Conj/Hex       ###...       9%          3    ###....
 Force Lance              Conj/Tloc      ###.....     26%         4    ####...


Dungeon Overview and Level Annotations

Branches:
Dungeon (4/15)
 Temple: D:4-7

Altars:
Qazlal
Trog

Annotations:
D:2 Sigmund
D:3 2 transporters, Ymberto's ghost, amateur DEFE
D:4 Edmund; Grinder


Message History

The searing ray hits Grinder.
Grinder is heavily wounded.
You finish channeling your searing ray.
Grinder misses you.
Casting: Searing Ray (safe; 1% risk of failure)
Confirm with . or Enter, or press ? or * to list all spells.
Aiming: Searing Ray (safe; 1% risk of failure)
Press: ? - help, Shift-Dir - straight line, f/p - Grinder
Aim: Grinder (heavily wounded)
The searing ray hits Grinder.
Grinder is heavily wounded. (Press . to maintain the ray.) Grinder closely misses you.
The searing ray hits Grinder.
Grinder is severely wounded.
Grinder hits you!
* * * LOW HITPOINT WARNING * * *
The searing ray hits Grinder.
Grinder is severely wounded.
Grinder hits you.
You die...

### #. #.. #.
#.#### # #.
##...@#.#.#.
####.##....5.......
.....#.......#...#
#..#......## ##
###............
#......##..####
#......##....
#......##..#..
####...# ..#..#


You could see Grinder.

Vanquished Creatures
  A hound (D:4)
  A bullfrog skeleton (D:4)
  2 iguanas (D:4)
  A worker ant (D:4)
  A hound skeleton (D:4)
  5 adders (D:3)
  A worm (D:4)
  2 leopard geckos
  3 orcs (D:3)
  A ball python (D:3)
  A giant cockroach (D:3)
  14 goblins
  6 hobgoblins
  6 jackals
  3 quokkas
  A ball python skeleton (D:4)
  8 bats
  4 frilled lizards
  6 kobolds
  2 leopard gecko skeletons
  8 rats
77 creatures vanquished.

Notes
Turn   | Place    | Note
-------+----------+-------------------------------------------
     0 | D:1      | Lilu the Deep Elf Conjurer began the quest for the Orb.
     0 | D:1      | Reached XP level 1. HP: 10/10 MP: 6/6
   265 | D:1      | Reached XP level 2. HP: 15/15 MP: 6/8
   269 | D:1      | Learned a level 2 spell: Searing Ray
   481 | D:1      | Reached skill level 5 in Conjurations
   997 | D:2      | Noticed a fire elemental
  1027 | D:2      | Found a stormy altar of Qazlal.
  1028 | D:2      | Noticed an air elemental
  1030 | D:2      | Noticed a water elemental
  1030 | D:2      | Noticed an earth elemental
  1035 | D:2      | Became a worshipper of Qazlal Stormbringer
  1127 | D:2      | Noticed Sigmund
  1254 | D:2      | Reached XP level 3. HP: 19/19 MP: 7/9
  2032 | D:3      | Found a transporter.
  2050 | D:3      | Noticed Ymberto's ghost (amateur DEFE)
  2051 | D:3      | Found a transporter.
  2162 | D:3      | Reached skill level 6 in Conjurations
  2473 | D:3      | Reached XP level 4. HP: 24/24 MP: 6/10
  2485 | D:3      | Learned a level 4 spell: Iskenderun's Mystic Blast
  2532 | D:3      | Reached * piety under Qazlal
  3056 | D:4      | Reached skill level 7 in Conjurations
  3056 | D:4      | Reached XP level 5. HP: 28/28 MP: 6/11
  3270 | D:4      | Found a bloodstained altar of Trog.
  3413 | D:4      | Noticed Edmund
  3764 | D:4      | Reached skill level 8 in Conjurations
  3764 | D:4      | Reached XP level 6. HP: 14/32 MP: 7/12
  4022 | D:4      | Noticed Grinder
  4036 | D:4      | Slain by Grinder

Skill      XL: |  1  2  3  4  5 |
---------------+----------------+-----
Conjurations   | 5 6 7 8 |  8.0
Dodging        | |  2.4
Stealth        | |  2.4
Spellcasting   | |  3.0

Action                   |  1- 3 |  4- 6 || total
-------------------------+-------+-------++-------
Melee: Short sword       |     5 |    43 ||    48
 Cast: Magic Dart        |    84 |    32 ||   116
       Searing Ray       |     1 |    13 ||    14
  Eat: Chunk             |     5 |     4 ||     9
Armor: Robe              |     4 |    13 ||    17
Dodge: Dodged            |    14 |    36 ||    50
Block: Other             |       |     3 ||     3
